[Event "FIDE CB Open 2022"]
[Site "Ceske Budejovice"]
[Date "2022.07.04"]
[Round "4.15"]
[White "Lacina, Adolf"]
[Black "Hurtik, Matej"]
[Result "1-0"]
[ECO "B01"]
[WhiteElo "2225"]
[BlackElo "2018"]
[Annotator "RC"]
[PlyCount "69"]
[EventDate "2022.07.01"]
[EventType "swiss"]
[EventCountry "CZE"]
[SourceTitle "playchess.com"]
[Source "ChessBase"]
[SourceQuality "1"]
[TimeControl "40/5400+30:1800+30"]

1. e4 d5 2. exd5 Qxd5 3. Nc3 Qa5 4. d4 Nf6 5. Nf3 Bg4 6. Bd2 c6 7. Ne4 Qc7 8. Nxf6+ gxf6 9. Bd3 Nd7 10. h3 Bh5 11. Qe2 O-O-O 12. O-O-O Nb6 13. Ba5 Rd5 14. Bb4 Bh6+ 15. Kb1 e6 16. g4 Bg6 17. c4 Rd7 18. h4 Bf4 19. Bxg6 hxg6 20. h5 gxh5 21. Rxh5 Rg8 22. Ba5 Qb8 23. Rh7 Qd6 24. c5 Qd5 25. cxb6 Qxa5 26. Rxf7 axb6 27. Rxf6 Rxg4 28. Qxe6 Qh5 29. Rf5 Qh7 30. Ka1 Bd6 31. Ne5 Bxe5 32. Rf8+ Kc7 33. Qxe5+ Rd6 34. Qe8 Rdxd4 35. Qe5+ 1-0

[Event "FIDE CB Open 2022"]
[Site "Ceske Budejovice"]
[Date "2022.07.04"]
[Round "4.16"]
[White "Mostbauer, Maximilian"]
[Black "Rosol, Alexander"]
[Result "1-0"]
[ECO "E62"]
[WhiteElo "2192"]
[BlackElo "2001"]
[Annotator "RC"]
[PlyCount "57"]
[EventDate "2022.07.01"]
[EventType "swiss"]
[EventCountry "CZE"]
[SourceTitle "playchess.com"]
[Source "ChessBase"]
[SourceQuality "1"]
[TimeControl "40/5400+30:1800+30"]

1. Nf3 Nf6 2. g3 g6 3. Bg2 Bg7 4. O-O O-O 5. d4 d6 6. c4 c6 7. Nc3 Qa5 8. Bd2 Qa6 9. b3 b5 10. cxb5 cxb5 11. a4 bxa4 12. Rxa4 Qb6 13. Ne5 Bb7 14. Nc4 Qc7 15. e4 d5 16. exd5 Qd7 17. Ne5 Qd8 18. Nc6 Qd7 19. Ne5 Qd8 20. d6 Bxg2 21. dxe7 Qxe7 22. Kxg2 Nfd7 23. Qf3 Nxe5 24. dxe5 Nd7 25. Nd5 Qxe5 26. Bc3 Qd6 27. Bb4 Nc5 28. Rc1 Bd4 29. Rc4 1-0

[Event "FIDE CB Open 2022"]
[Site "Ceske Budejovice"]
[Date "2022.07.04"]
[Round "4.17"]
[White "Puncochar, Jiri"]
[Black "Borkovec, Milan"]
[Result "1-0"]
[ECO "C92"]
[WhiteElo "2020"]
[BlackElo "2188"]
[Annotator "RC"]
[PlyCount "65"]
[EventDate "2022.07.01"]
[EventType "swiss"]
[EventCountry "CZE"]
[SourceTitle "playchess.com"]
[Source "ChessBase"]
[SourceQuality "1"]
[TimeControl "40/5400+30:1800+30"]

1. e4 e5 2. Nf3 Nc6 3. Bb5 a6 4. Ba4 Nf6 5. O-O Be7 6. Re1 b5 7. Bb3 d6 8. c3 O-O 9. h3 Bb7 10. d4 Re8 11. Nbd2 Bf8 12. d5 Na5 13. Bc2 c6 14. dxc6 Bxc6 15. Nf1 h6 16. Ng3 Qc7 17. Nh2 Rad8 18. Ng4 Nxg4 19. Qxg4 Re6 20. Nf5 Kh8 21. Ne3 Nc4 22. Nd5 Qb7 23. Rd1 Rde8 24. a4 Nb6 25. axb5 Bxb5 26. Nxb6 Qxb6 27. Bd3 Be7 28. Be3 Qb7 29. Qe2 Qxe4 30. c4 Bxc4 31. Bxc4 Rg6 32. f3 Qf5 33. Bd3 1-0

[Event "FIDE CB Open 2022"]
[Site "Ceske Budejovice"]
[Date "2022.07.04"]
[Round "4.18"]
[White "Vilimek, Vit"]
[Black "Vybiral, Zdenek"]
[Result "0-1"]
[ECO "A36"]
[WhiteElo "1996"]
[BlackElo "2143"]
[Annotator "RC"]
[PlyCount "106"]
[EventDate "2022.07.01"]
[EventType "swiss"]
[EventCountry "CZE"]
[SourceTitle "playchess.com"]
[Source "ChessBase"]
[SourceQuality "1"]
[TimeControl "40/5400+30:1800+30"]

1. c4 g6 2. Nc3 Bg7 3. g3 c5 4. Bg2 Nc6 5. e3 e6 6. Nge2 Nge7 7. Rb1 Rb8 8. a3 b6 9. O-O Bb7 10. b4 Nf5 11. bxc5 bxc5 12. Ne4 Ba6 13. Rxb8 Nxb8 14. Nxc5 Bxc4 15. d3 Bb5 16. a4 Bc6 17. e4 Nd4 18. Be3 Nxe2+ 19. Qxe2 O-O 20. Nb3 Bxa4 21. Qa2 Bb5 22. Rd1 Nc6 23. d4 d5 24. e5 Bc4 25. Qa4 Qb6 26. Nc5 Rd8 27. h4 h5 28. Bg5 Rc8 29. Nd7 Qa6 30. Qxa6 Bxa6 31. Be3 Bb5 32. Rb1 a6 33. f4 Nxd4 34. Bxd4 Bxd7 35. Bf1 Ra8 36. Rb7 Ba4 37. Rb4 Bb5 38. Bxb5 Rb8 39. Kf2 Bf8 40. Rb2 axb5 41. Ke2 b4 42. Bc3 Bc5 43. Be1 Kf8 44. Kd3 Ke7 45. Kc2 Kd7 46. Rb1 Kc6 47. Ra1 b3+ 48. Kd3 b2 49. Rb1 Ba3 50. Bc3 Kc5 51. Bd4+ Kb4 52. Bxb2 Ka4 53. Rc1 Rb3+ 0-1

[Event "FIDE CB Open 2022"]
[Site "Ceske Budejovice"]
[Date "2022.07.04"]
[Round "4.19"]
[White "Bartos, Jan"]
[Black "Zauner, Christoph"]
[Result "1-0"]
[ECO "A81"]
[WhiteElo "2142"]
[BlackElo "1963"]
[Annotator "NA RC"]
[PlyCount "65"]
[EventDate "2022.07.01"]
[EventType "swiss"]
[EventCountry "CZE"]
[SourceTitle "playchess.com"]
[Source "ChessBase"]
[SourceQuality "1"]
[TimeControl "40/5400+30:1800+30"]

1. d4 f5 2. g3 Nf6 3. Bg2 g6 4. c3 Bg7 5. Nd2 d5 6. Ngf3 O-O 7. O-O Nc6 8. Qb3 Qd6 9. Re1 Kh8 10. Nf1 e5 11. dxe5 Nxe5 12. Nxe5 Qxe5 13. Bf4 Qe7 14. Bxd5 Nxd5 15. Qxd5 g5 16. Be3 Be6 17. Qc5 Qf7 18. Bxg5 b6 19. Qe7 Qg6 20. Bf4 c5 21. Nd2 Rae8 22. Qg5 Qf7 23. Bd6 Rg8 24. Qf4 Bf6 25. e4 Rg4 26. Qf3 f4 27. Bxf4 Reg8 28. Bd6 Qg6 29. e5 Bg5 30. Ne4 Bf4 31. Nf6 h5 32. Nxg4 Bd2 33. Qf6+ 1-0

[Event "FIDE CB Open 2022"]
[Site "Ceske Budejovice"]
[Date "2022.07.04"]
[Round "4.20"]
[White "Zima, Jan"]
[Black "Blumel, Otto"]
[Result "1-0"]
[ECO "C29"]
[WhiteElo "2134"]
[BlackElo "1855"]
[Annotator "NA RC"]
[PlyCount "47"]
[EventDate "2022.07.01"]
[EventType "swiss"]
[EventCountry "CZE"]
[SourceTitle "playchess.com"]
[Source "ChessBase"]
[SourceQuality "1"]
[TimeControl "40/5400+30:1800+30"]

1. e4 e5 2. Nc3 Nf6 3. f4 d5 4. fxe5 Nxe4 5. Qf3 Nxc3 6. dxc3 Be7 7. Bf4 c6 8. O-O-O Qa5 9. Kb1 Be6 10. Qg3 Nd7 11. Qxg7 O-O-O 12. Qg3 Rhg8 13. Qf2 Nc5 14. Nf3 d4 15. c4 Ne4 16. Qe1 Nc3+ 17. bxc3 dxc3 18. Ka1 Rxd1+ 19. Qxd1 Rd8 20. Bd3 Ba3 21. Bc1 Be7 22. Qe2 b5 23. Qe4 Kc7 24. Nd4 1-0

[Event "FIDE CB Open 2022"]
[Site "Ceske Budejovice"]
[Date "2022.07.04"]
[Round "4.22"]
[White "Hofstadler, Mario"]
[Black "Slaby, Matej"]
[Result "1/2-1/2"]
[ECO "E04"]
[WhiteElo "2123"]
[BlackElo "1796"]
[Annotator "NA RC"]
[PlyCount "52"]
[EventDate "2022.07.01"]
[EventType "swiss"]
[EventCountry "CZE"]
[SourceTitle "playchess.com"]
[Source "ChessBase"]
[SourceQuality "1"]
[TimeControl "40/5400+30:1800+30"]

1. d4 Nf6 2. Nf3 e6 3. c4 d5 4. g3 dxc4 5. Bg2 c5 6. O-O Nc6 7. dxc5 Qxd1 8. Rxd1 Bxc5 9. Nbd2 c3 10. bxc3 O-O 11. Nb3 Be7 12. Bf4 Nd5 13. Rac1 Bf6 14. Nfd4 Nxd4 15. cxd4 b6 16. Bd2 Be7 17. e4 Nf6 18. Bg5 Ba3 19. Rc7 Ne8 20. Rc2 Ba6 21. Bc1 Be7 22. Bb2 Nf6 23. d5 exd5 24. e5 Ne8 25. Rxd5 Rc8 26. Rcd2 Bb4 1/2-1/2

[Event "FIDE CB Open 2022"]
[Site "Ceske Budejovice"]
[Date "2022.07.04"]
[Round "4.23"]
[White "Havelka, Josef"]
[Black "Kosut, Tomas"]
[Result "1-0"]
[ECO "B68"]
[WhiteElo "2396"]
[BlackElo "1820"]
[Annotator "RC"]
[PlyCount "89"]
[EventDate "2022.07.01"]
[EventType "swiss"]
[EventCountry "CZE"]
[SourceTitle "playchess.com"]
[Source "ChessBase"]
[SourceQuality "1"]
[TimeControl "40/5400+30:1800+30"]

1. e4 c5 2. Nf3 d6 3. d4 cxd4 4. Nxd4 Nf6 5. Nc3 Nc6 6. Bg5 e6 7. f4 Be7 8. Qd2 a6 9. O-O-O Bd7 10. Nf3 b5 11. e5 b4 12. exf6 bxc3 13. Qxc3 gxf6 14. Bh4 d5 15. Kb1 Rg8 16. a3 Rb8 17. g3 Na5 18. Bxa6 Qb6 19. Bd3 Rc8 20. Qd4 Bc5 21. Qxf6 Bxa3 22. Ka2 Bc5 23. Ra1 Nc6 24. Kb1 Be7 25. Qc3 Bb4 26. Qb3 Na5 27. Qa2 Rb8 28. Bf6 Bc6 29. Bd4 Qb7 30. Ne5 Nc4 31. Bxc4 dxc4 32. Nxc6 Qxc6 33. Qa4 Qxa4 34. Rxa4 c3 35. b3 Kd7 36. Rd1 Kc6 37. Be5 Rb5 38. Rd4 Bc5 39. Rdc4 Kb6 40. Bxc3 Rd8 41. Kb2 Bg1 42. Be5 Rc5 43. Rcb4+ Rb5 44. Bc7+ Kxc7 45. Rxb5 1-0

[Event "FIDE CB Open 2022"]
[Site "Ceske Budejovice"]
[Date "2022.07.04"]
[Round "4.24"]
[White "Dotzer, Lukas"]
[Black "Nejdl, Eduard"]
[Result "1-0"]
[ECO "C45"]
[WhiteElo "2269"]
[BlackElo "1951"]
[Annotator "RC"]
[PlyCount "71"]
[EventDate "2022.07.01"]
[EventType "swiss"]
[EventCountry "CZE"]
[SourceTitle "playchess.com"]
[Source "ChessBase"]
[SourceQuality "1"]
[TimeControl "40/5400+30:1800+30"]

1. e4 e5 2. Nf3 Nc6 3. d4 exd4 4. Nxd4 Nf6 5. Nxc6 bxc6 6. Qe2 Qe7 7. Nc3 a5 8. Bg5 Qe6 9. a3 Bc5 10. g3 Bd4 11. Bg2 Ba6 12. Qf3 Ng4 13. O-O-O Ne5 14. Qf5 Qxf5 15. exf5 Bxf2 16. Ne4 Bb6 17. f6 g6 18. Bf4 Nc4 19. Rhe1 O-O-O 20. Ng5 Rde8 21. Nxf7 Rxe1 22. Nxh8 Re8 23. Nf7 Rf8 24. Ne5 Nxe5 25. Bxe5 Be3+ 26. Kb1 d6 27. Bc3 Bg5 28. Bxa5 Rxf6 29. Bxc6 Rf2 30. Re1 Be2 31. h4 Be3 32. a4 Bd4 33. Bd2 Kb8 34. a5 Ka7 35. c3 Be5 36. Be3+ 1-0

[Event "FIDE CB Open 2022"]
[Site "Ceske Budejovice"]
[Date "2022.07.04"]
[Round "4.25"]
[White "Hiermann, Dietmar"]
[Black "Svanda, Adam"]
[Result "1/2-1/2"]
[ECO "B01"]
[WhiteElo "2224"]
[BlackElo "1918"]
[Annotator "RC"]
[PlyCount "187"]
[EventDate "2022.07.01"]
[EventType "swiss"]
[EventCountry "CZE"]
[SourceTitle "playchess.com"]
[Source "ChessBase"]
[SourceQuality "1"]
[TimeControl "40/5400+30:1800+30"]

1. e4 d5 2. exd5 Qxd5 3. Nc3 Qd6 4. d4 Nf6 5. Nf3 a6 6. g3 Bg4 7. Bg2 Nc6 8. Bf4 Qb4 9. O-O O-O-O 10. Ne2 Bxf3 11. Bxf3 Nxd4 12. Nxd4 Rxd4 13. Qc1 Rxf4 14. a3 Qa4 15. b3 Qd4 16. c3 Qe5 17. gxf4 Qf5 18. Qe3 e6 19. Qa7 c6 20. Rfd1 Kc7 21. Qd4 Bc5 22. Qe5+ Qxe5 23. fxe5 Nd7 24. Re1 Rd8 25. b4 Be7 26. Rad1 g6 27. Re4 h5 28. Be2 Bg5 29. f4 Bh6 30. Kf2 Bf8 31. Red4 Be7 32. Ke3 Bf8 33. Ke4 Be7 34. h3 Kc8 35. R4d2 Kc7 36. Kf3 Bf8 37. a4 Be7 38. b5 a5 39. bxc6 bxc6 40. Rb2 Nc5 41. Rd4 Rd7 42. Rxd7+ Nxd7 43. Bd1 Nc5 44. Bc2 Bd8 45. Rb1 Nd7 46. Ke4 Be7 47. Rf1 Bf8 48. Rf3 Be7 49. Rg3 Kc8 50. Rg2 Kc7 51. Kd4 Nf8 52. Ke3 Bc5+ 53. Kd3 Be7 54. Ke3 Bc5+ 55. Ke2 Be7 56. Kd2 Kd7 57. Bd3 Kd8 58. Kd1 Kc7 59. Ba6 Nd7 60. Bd3 Nf8 61. Kc1 Ba3+ 62. Kd2 Be7 63. f5 exf5 64. Bc4 Nd7 65. Bxf7 Nxe5 66. Bxg6 Nf3+ 67. Ke2 Nh4 68. Rg1 Bc5 69. Rg5 Be7 70. Rxh5 Nxg6 71. Rxf5 c5 72. Kd3 Kc6 73. Ke4 Kd6 74. Rh5 Ke6 75. Rh6 Kf6 76. Rh7 Ke6 77. Kd3 Ne5+ 78. Ke3 Nc4+ 79. Ke4 Nb2 80. h4 Nxa4 81. Kd3 Bf6 82. Kc4 Nb2+ 83. Kb3 Nd1 84. c4 Ne3 85. Ra7 Bxh4 86. Rxa5 Be7 87. Kc3 Bf6+ 88. Kd3 Bd4 89. Ra8 Kf5 90. Re8 Kf4 91. Re4+ Kf3 92. Rxd4 cxd4 93. Kxd4 Nxc4 94. Kxc4 1/2-1/2

[Event "FIDE CB Open 2022"]
[Site "Ceske Budejovice"]
[Date "2022.07.04"]
[Round "4.26"]
[White "Saravanan Durga"]
[Black "Koch-Muller, Oscar"]
[Result "0-1"]
[ECO "E51"]
[WhiteElo "1908"]
[BlackElo "2115"]
[Annotator "RC"]
[PlyCount "83"]
[EventDate "2022.07.01"]
[EventType "swiss"]
[EventCountry "CZE"]
[SourceTitle "playchess.com"]
[Source "ChessBase"]
[SourceQuality "1"]
[TimeControl "40/5400+30:1800+30"]

1. d4 Nf6 2. c4 e6 3. Nc3 Bb4 4. e3 O-O 5. Bd3 d5 6. Nf3 dxc4 7. Bxc4 b6 8. O-O Bb7 9. Qe2 Nbd7 10. Rd1 Qe7 11. Nb5 c6 12. Nc7 Rac8 13. Na6 Bd6 14. a4 e5 15. e4 exd4 16. Nxd4 g6 17. f3 Rfe8 18. Be3 Qe5 19. g3 Bf8 20. Bf4 Qe7 21. Nc7 Red8 22. Ba6 Nc5 23. Bxb7 Nxb7 24. Na6 Bg7 25. Be3 h5 26. Rac1 c5 27. Nb5 Na5 28. Rxd8+ Rxd8 29. Na3 Qd7 30. Qc2 Nc6 31. Qe2 Ne8 32. Kg2 h4 33. Qc4 h3+ 34. Kf1 Bxb2 35. Nb5 Bxc1 36. Qxc1 Qd1+ 37. Qxd1 Rxd1+ 38. Kf2 Rh1 39. g4 Rxh2+ 40. Kg3 Rh1 41. Bf4 Nd4 42. e5 0-1

[Event "FIDE CB Open 2022"]
[Site "Ceske Budejovice"]
[Date "2022.07.04"]
[Round "4.27"]
[White "Prazak, Daniel"]
[Black "Zaza, Martin"]
[Result "1-0"]
[ECO "B29"]
[WhiteElo "2113"]
[BlackElo "1911"]
[Annotator "NA RC"]
[PlyCount "45"]
[EventDate "2022.07.01"]
[EventType "swiss"]
[EventCountry "CZE"]
[SourceTitle "playchess.com"]
[Source "ChessBase"]
[SourceQuality "1"]
[TimeControl "40/5400+30:1800+30"]

1. Nf3 c5 2. e4 Nf6 3. e5 Nd5 4. Nc3 e6 5. Nxd5 exd5 6. d4 d6 7. exd6 Bxd6 8. dxc5 Bxc5 9. Be2 O-O 10. O-O Nc6 11. a3 a5 12. b3 d4 13. Bb2 Qf6 14. h3 Rd8 15. Bd3 Ne5 16. Nxe5 Qxe5 17. Re1 Qg5 18. Bc1 Qf6 19. Qh5 Bf5 20. Qxf5 Qxf5 21. Bxf5 d3 22. Bxd3 Rd6 23. Be3 1-0

[Event "FIDE CB Open 2022"]
[Site "Ceske Budejovice"]
[Date "2022.07.04"]
[Round "4.28"]
[White "Hladky, Tadeas"]
[Black "Toman, Jan"]
[Result "1-0"]
[ECO "C47"]
[WhiteElo "2095"]
[BlackElo "2142"]
[Annotator "NA RC"]
[PlyCount "83"]
[EventDate "2022.07.01"]
[EventType "swiss"]
[EventCountry "CZE"]
[SourceTitle "playchess.com"]
[Source "ChessBase"]
[SourceQuality "1"]
[TimeControl "40/5400+30:1800+30"]

1. e4 e5 2. Nf3 Nc6 3. d4 exd4 4. Nxd4 Nf6 5. Nc3 Bb4 6. Nxc6 bxc6 7. Bd3 O-O 8. O-O d5 9. exd5 cxd5 10. Bg5 c6 11. Na4 Be7 12. c4 Be6 13. Qc2 h6 14. Bh4 Rb8 15. Rfd1 Nh5 16. cxd5 Bxd5 17. Bxe7 Qxe7 18. Nc3 Nf4 19. Nxd5 cxd5 20. Bf1 Qf6 21. b3 Rfc8 22. Qd2 Rc5 23. Rac1 Rxc1 24. Qxc1 Rd8 25. Qc7 Re8 26. Qxa7 Ne2+ 27. Bxe2 Rxe2 28. a4 Qb2 29. Qb8+ Kh7 30. Qg3 Qd2 31. Rf1 Re1 32. Qf3 Rxf1+ 33. Kxf1 Qc1+ 34. Ke2 Qc2+ 35. Ke1 d4 36. Qd1 Qe4+ 37. Kf1 d3 38. a5 Qd4 39. a6 d2 40. Ke2 Qg4+ 41. Kxd2 Qd7+ 42. Kc1 1-0

[Event "FIDE CB Open 2022"]
[Site "Ceske Budejovice"]
[Date "2022.07.04"]
[Round "4.29"]
[White "Zilavy, Jan"]
[Black "Ondrejat, Miroslav"]
[Result "0-1"]
[ECO "B92"]
[WhiteElo "2090"]
[BlackElo "1903"]
[Annotator "RC"]
[PlyCount "95"]
[EventDate "2022.07.01"]
[EventType "swiss"]
[EventCountry "CZE"]
[SourceTitle "playchess.com"]
[Source "ChessBase"]
[SourceQuality "1"]
[TimeControl "40/5400+30:1800+30"]

1. e4 c5 2. Nf3 d6 3. d4 cxd4 4. Nxd4 Nf6 5. Nc3 a6 6. Be3 e5 7. Nb3 Be6 8. Be2 Nbd7 9. a4 Rc8 10. O-O Be7 11. a5 O-O 12. f3 Nh5 13. Qd2 g6 14. g4 Ng7 15. Kh1 g5 16. Rfd1 h6 17. Rac1 Bxb3 18. cxb3 Nc5 19. Nd5 Rc6 20. Rc3 Re8 21. b4 Nce6 22. Rxc6 bxc6 23. Nxe7+ Qxe7 24. Qxd6 Qb7 25. Bb6 Nd4 26. Bc4 Nge6 27. Qxe5 Nxf3 28. Qf6 Nf4 29. Rd8 Rxd8 30. Qxd8+ Kg7 31. Bc5 Ng6 32. Bb6 Nfe5 33. Be2 c5 34. Qd5 Qe7 35. Bd8 Qe8 36. Bc7 cxb4 37. Bxa6 Nxg4 38. Qd4+ Kh7 39. Bd3 Qa4 40. Be2 h5 41. a6 Qa1+ 42. Qg1 Qxb2 43. Bxg4 hxg4 44. a7 Qa2 45. Bb6 Nf4 46. Bd4 Qe2 47. a8=Q Qf3+ 48. Qg2 0-1

[Event "FIDE CB Open 2022"]
[Site "Ceske Budejovice"]
[Date "2022.07.04"]
[Round "4.30"]
[White "Vaculik, Martin"]
[Black "Laith, Kasib"]
[Result "1/2-1/2"]
[ECO "E71"]
[WhiteElo "2284"]
[BlackElo "2079"]
[Annotator "RC"]
[PlyCount "52"]
[EventDate "2022.07.01"]
[EventType "swiss"]
[EventCountry "CZE"]
[SourceTitle "playchess.com"]
[Source "ChessBase"]
[SourceQuality "1"]
[TimeControl "40/5400+30:1800+30"]

1. d4 Nf6 2. c4 g6 3. Nc3 Bg7 4. e4 d6 5. h3 O-O 6. Be3 e5 7. d5 a5 8. g4 Na6 9. f3 Nd7 10. Nge2 Bh6 11. Bxh6 Qh4+ 12. Ng3 Qxh6 13. h4 Qf4 14. Kf2 Nf6 15. Kg2 Bxg4 16. fxg4 Nxg4 17. Qf3 f5 18. exf5 Ne3+ 19. Kf2 Ng4+ 20. Kg2 Qd2+ 21. Qe2 Qd4 22. Nb5 Ne3+ 23. Kf2 Qf4+ 24. Qf3 Ng4+ 25. Kg2 Ne3+ 26. Kf2 Ng4+ 1/2-1/2

[Event "FIDE CB Open 2022"]
[Site "Ceske Budejovice"]
[Date "2022.07.04"]
[Round "4.31"]
[White "Placer, Sebastian"]
[Black "Kotleska, Roman"]
[Result "1-0"]
[ECO "A52"]
[WhiteElo "2062"]
[BlackElo "1863"]
[Annotator "ChessBase"]
[PlyCount "109"]
[EventDate "2022.07.01"]
[EventType "swiss"]
[EventCountry "CZE"]
[SourceTitle "playchess.com"]
[Source "ChessBase"]
[SourceQuality "1"]
[TimeControl "40/5400+30:1800+30"]

1. d4 Nf6 2. c4 e5 3. dxe5 Ng4 4. Bf4 Bb4+ 5. Nd2 Nc6 6. Ngf3 Qe7 7. a3 Ngxe5 8. Nxe5 Nxe5 9. e3 Bxd2+ 10. Qxd2 d6 11. Be2 O-O 12. O-O b6 13. Qc3 Bb7 14. Rfd1 Ng6 15. Bg3 f5 16. f3 f4 17. Bf2 fxe3 18. Qxe3 Rae8 19. Qxe7 Rxe7 20. Bf1 Nf4 21. Rd2 Rfe8 22. Rad1 Ne2+ 23. Kh1 Ba6 24. Rc2 Bb7 25. Rdd2 Nf4 26. Kg1 Bc8 27. b4 Bf5 28. Rb2 Kf7 29. g4 Bc8 30. Bh4 Rd7 31. Bg3 Ng6 32. f4 Rde7 33. f5 Ne5 34. Be2 g5 35. Kf2 Bb7 36. Rbc2 Kf6 37. c5 dxc5 38. bxc5 Be4 39. Rc1 h6 40. h3 Bb7 41. cxb6 axb6 42. Bxe5+ Kxe5 43. Bb5 Rc8 44. Re1+ Kf6 45. Rxe7 Kxe7 46. Rd7+ Kf6 47. Rh7 Ke5 48. Rxh6 Ra8 49. a4 Kf4 50. Re6 Rh8 51. Re3 Bg2 52. f6 Rf8 53. Re8 Rxf6 54. Kxg2 c6 55. Bd3 1-0

[Event "FIDE CB Open 2022"]
[Site "Ceske Budejovice"]
[Date "2022.07.04"]
[Round "4.32"]
[White "Mrazik, Tomas"]
[Black "Zeleny, Tomas"]
[Result "1/2-1/2"]
[ECO "E94"]
[WhiteElo "2055"]
[BlackElo "2136"]
[Annotator "NA RC"]
[PlyCount "44"]
[EventDate "2022.07.01"]
[EventType "swiss"]
[EventCountry "CZE"]
[SourceTitle "playchess.com"]
[Source "ChessBase"]
[SourceQuality "1"]
[TimeControl "40/5400+30:1800+30"]

1. Nf3 Nf6 2. c4 g6 3. Nc3 Bg7 4. e4 d6 5. d4 O-O 6. Be2 Nbd7 7. O-O e5 8. d5 Ne8 9. Be3 f5 10. Ne1 f4 11. Bd2 Ndf6 12. Nd3 g5 13. c5 g4 14. c6 b6 15. a4 Rf7 16. a5 Rb8 17. axb6 axb6 18. Nb4 Bf8 19. Na6 Ra8 20. Nb4 Rb8 21. Na6 Ra8 22. Nb4 Rb8 1/2-1/2

[Event "FIDE CB Open 2022"]
[Site "Ceske Budejovice"]
[Date "2022.07.04"]
[Round "4.33"]
[White "Musil, Vitezslav"]
[Black "Chval, Zdenek"]
[Result "1/2-1/2"]
[ECO "B95"]
[WhiteElo "1834"]
[BlackElo "2063"]
[Annotator "NA RC"]
[PlyCount "101"]
[EventDate "2022.07.01"]
[EventType "swiss"]
[EventCountry "CZE"]
[SourceTitle "playchess.com"]
[Source "ChessBase"]
[SourceQuality "1"]
[TimeControl "40/5400+30:1800+30"]

1. e4 c5 2. Nf3 d6 3. d4 cxd4 4. Nxd4 Nf6 5. Nc3 a6 6. Bg5 e6 7. Bc4 Be7 8. Qf3 Qc7 9. Bb3 Nc6 10. O-O-O O-O 11. Qg3 Nxd4 12. Rxd4 e5 13. Bxf6 Bxf6 14. Nd5 Qd8 15. Nxf6+ Qxf6 16. Rd2 Rd8 17. Rhd1 b5 18. Qe3 Bb7 19. Bd5 Bxd5 20. Rxd5 Rac8 21. Kb1 Qg6 22. g3 f5 23. exf5 Qxf5 24. Qb3 Qe6 25. Rxd6 Rxd6 26. Rxd6 Qxb3 27. axb3 Rf8 28. Rd2 Kf7 29. Kc1 Ke6 30. Kd1 Kf5 31. h3 Rf6 32. Rd7 Rh6 33. Rxg7 Rxh3 34. Kd2 Ke4 35. Ke2 Rh1 36. Ra7 Rc1 37. Kd2 Rf1 38. Rf7 h5 39. Ke2 Rc1 40. Kd2 Rf1 41. b4 Rb1 42. b3 Rf1 43. Rf6 Kd4 44. Rd6+ Ke4 45. Ke2 Rc1 46. Rd2 Rh1 47. Rd3 Rc1 48. Re3+ Kd4 49. Kd2 Rf1 50. Re2 e4 51. c3+ 1/2-1/2

[Event "FIDE CB Open 2022"]
[Site "Ceske Budejovice"]
[Date "2022.07.04"]
[Round "4.34"]
[White "Hrbek, Jachym"]
[Black "Radovic, Stefan"]
[Result "0-1"]
[ECO "D02"]
[WhiteElo "1695"]
[BlackElo "2018"]
[Annotator "NA RC"]
[PlyCount "46"]
[EventDate "2022.07.01"]
[EventType "swiss"]
[EventCountry "CZE"]
[SourceTitle "playchess.com"]
[Source "ChessBase"]
[SourceQuality "1"]
[TimeControl "40/5400+30:1800+30"]

1. d4 d5 2. Bf4 Nf6 3. e3 c5 4. Nf3 Nc6 5. Nbd2 e6 6. c3 Be7 7. Bd3 Nh5 8. Bg3 g6 9. Qe2 O-O 10. dxc5 Nxg3 11. hxg3 e5 12. Bc2 Bxc5 13. b4 Bd6 14. O-O-O Bg4 15. Rh6 e4 16. Rdh1 exf3 17. gxf3 Qf6 18. Rxh7 Qxc3 19. Nb1 Qf6 20. fxg4 Nxb4 21. Qf1 Rac8 22. Qh3 Rxc2+ 23. Kd1 Qf3+ 0-1

[Event "FIDE CB Open 2022"]
[Site "Ceske Budejovice"]
[Date "2022.07.04"]
[Round "4.35"]
[White "Simacek, Vaclav"]
[Black "Hrbolka, Ladislav"]
[Result "1-0"]
[ECO "B50"]
[WhiteElo "1856"]
[BlackElo "2164"]
[Annotator "RC"]
[PlyCount "81"]
[EventDate "2022.07.01"]
[EventType "swiss"]
[EventCountry "CZE"]
[SourceTitle "playchess.com"]
[Source "ChessBase"]
[SourceQuality "1"]
[TimeControl "40/5400+30:1800+30"]

1. e4 c5 2. b4 cxb4 3. Nf3 d6 4. d4 g6 5. a3 Nf6 6. Bd3 bxa3 7. O-O Bg7 8. e5 dxe5 9. dxe5 Ng4 10. Bf4 Nc6 11. Qe2 O-O 12. Nxa3 Nd4 13. Qe4 Nxf3+ 14. gxf3 Bf5 15. Qe2 Bxd3 16. cxd3 Qd4 17. fxg4 Qxf4 18. Rfe1 Rfd8 19. Rab1 b6 20. Nb5 a6 21. Nc7 Ra7 22. Rbc1 h6 23. Rc4 Qg5 24. f4 Qh4 25. Rec1 h5 26. f5 b5 27. Rc6 gxf5 28. gxh5 Qd4+ 29. Kh1 Qxd3 30. Qxd3 Rxd3 31. Rg1 Kh7 32. e6 f6 33. Ne8 Bh6 34. Rg6 Rh3 35. Kg2 Rxh5 36. Rxf6 Rg5+ 37. Kf3 exf6 38. Nxf6+ Kg6 39. Nd5 Kh5 40. e7 Rxe7 41. Nf4+ 1-0

[Event "FIDE CB Open 2022"]
[Site "Ceske Budejovice"]
[Date "2022.07.04"]
[Round "4.36"]
[White "Rucabado, Stefan"]
[Black "Sadek, Vojtech"]
[Result "1/2-1/2"]
[ECO "D90"]
[WhiteElo "1809"]
[BlackElo "1973"]
[Annotator "RC"]
[PlyCount "68"]
[EventDate "2022.07.01"]
[EventType "swiss"]
[EventCountry "CZE"]
[SourceTitle "playchess.com"]
[Source "ChessBase"]
[SourceQuality "1"]
[TimeControl "40/5400+30:1800+30"]

1. d4 Nf6 2. c4 g6 3. Nf3 Bg7 4. Nc3 d5 5. h4 O-O 6. Bf4 c6 7. e3 Nbd7 8. c5 b6 9. b4 bxc5 10. bxc5 Qa5 11. Qd2 Nh5 12. Bh2 Nxc5 13. Rc1 Nd7 14. Be2 Re8 15. O-O Ba6 16. Rfd1 Bxe2 17. Nxe2 Qb6 18. Qd3 e5 19. dxe5 Nxe5 20. Nxe5 Bxe5 21. Bxe5 Rxe5 22. Qc3 Re4 23. Qxc6 Qxc6 24. Rxc6 Rxh4 25. Rxd5 Rb4 26. Rdc5 Rb1+ 27. Rc1 Rab8 28. Nd4 Nf6 29. Kf1 Nd5 30. Rxb1 Nc3 31. f3 Kg7 32. g3 h5 33. f4 h4 34. gxh4 Nd5 1/2-1/2

[Event "FIDE CB Open 2022"]
[Site "Ceske Budejovice"]
[Date "2022.07.04"]
[Round "4.37"]
[White "Hosnedl, Matyas"]
[Black "Zezula, Jakub"]
[Result "0-1"]
[ECO "C90"]
[WhiteElo "1967"]
[BlackElo "1831"]
[Annotator "NA RC"]
[PlyCount "74"]
[EventDate "2022.07.01"]
[EventType "swiss"]
[EventCountry "CZE"]
[SourceTitle "playchess.com"]
[Source "ChessBase"]
[SourceQuality "1"]
[TimeControl "40/5400+30:1800+30"]

1. e4 e5 2. Nf3 Nc6 3. Bb5 a6 4. Ba4 Nf6 5. O-O Be7 6. Re1 b5 7. Bb3 d6 8. c3 O-O 9. d3 Na5 10. Bc2 c5 11. Nbd2 Nc6 12. Nf1 Re8 13. Ng3 h6 14. h3 Bf8 15. Be3 d5 16. Qe2 Qc7 17. Nh2 Be6 18. Nh5 Nxh5 19. Qxh5 d4 20. Bc1 Rad8 21. f4 exf4 22. Rf1 Bd6 23. Qh4 c4 24. Bxf4 Bxf4 25. Qxf4 Qxf4 26. Rxf4 cxd3 27. Bb3 dxc3 28. bxc3 Bxb3 29. axb3 d2 30. Rd1 Na5 31. b4 Nc4 32. Nf1 f5 33. Kf2 fxe4 34. Ke2 e3 35. Rxc4 bxc4 36. Nxe3 Re6 37. Kf2 Rf8+ 0-1